 Dungeon Crawl Stone Soup version 0.23.2-1-ga50397a (webtiles) character file.

Game seed: 8857597652774122806

2354 eccles the Cleaver (level 9, -3/79 HPs)
             Began as a Minotaur Abyssal Knight on May 9, 2019.
             Was a Priest of Lugonu.
             Shot with an arrow by a centaur (5 damage)
             ... on level 6 of the Dungeon.
             The game lasted 00:33:00 (6720 turns).

eccles the Cleaver (Minotaur Abyssal Knight)        Turns: 6720, Time: 00:33:00

Health: -3/79      AC: 10    Str: 18    XL:     9   Next: 20%
Magic:  11/11      EV:  8    Int: 10    God:    Lugonu [***...]
Gold:   235        SH:  7    Dex: 11    Spells: 8/8 levels left

rFire    . . .     SeeInvis .   a - +1 hand axe
rCold    . . .     Gourm    .   J - +0 shield
rNeg     . . .     Faith    .   G - +0 scale mail
rPois    .         Spirit   .   (helmet restricted)
rElec    .         Reflect  .   t - +2 cloak {MR+}
rCorr    .         Harm     .   (no gloves)
MR       +....                  (no boots)
Stlth    ..........             (no amulet)
HPRegen  0.23/turn              (no ring)
MPRegen  0.12/turn              (no ring)

@: no status effects
A: retaliatory headbutt, horns 2
a: Depart the Abyss, Bend Space, Banish, Renounce Religion


You were on level 6 of the Dungeon.
You worshipped Lugonu.
Lugonu was most pleased with you.
You were not hungry.

You visited 1 branch of the dungeon, and saw 7 of its levels.
You visited the Abyss 1 time.

You collected 235 gold pieces.

Inventory:

Hand Weapons
 a - a +1 hand axe (weapon)
 b - a +0 shortbow
 i - a +0 short sword of speed
 n - a +0 hand axe of freezing
 s - a cursed -2 mace
 u - a +0 mace of crushing
 z - a +1 war axe
Missiles
 k - 101 arrows
Armour
 t - a +2 cloak of magic resistance (worn)
 w - a +0 ring mail
 C - a +0 leather armour
 D - a cursed +0 robe
 G - a +0 scale mail (worn)
 I - the +5 chain mail of Hide-and-Seek {rF- MR++ rCorr Dex+8, unknown}
   (You found it on level 6 of the Dungeon)

   It affects your dexterity (+8).
   It makes you vulnerable to fire.
   It affects your resistance to hostile enchantments.
   It provides partial protection from all sources of acid and corrosion.
 J - a +0 shield (worn)
Jewellery
 e - an uncursed ring of poison resistance {unknown}
 m - an uncursed ring of stealth {unknown}
 o - an uncursed amulet of guardian spirit {unknown}
 p - an uncursed ring of resist corrosion {unknown}
 v - an uncursed ring of stealth {unknown}
Wands
 y - a wand of random effects (14)
 A - a wand of disintegration (9)
 H - a wand of iceblast (9)
Scrolls
 d - 5 scrolls of identify
 f - 2 scrolls of teleportation
 l - a scroll of fear
 q - a scroll of blinking
 E - 2 scrolls of enchant weapon
Potions
 g - 4 potions of agility {unknown}
 h - 3 potions of heal wounds {unknown}
 j - 2 potions of magic {unknown}
 r - 2 potions of might {unknown}
 x - a potion of degeneration {unknown}
 B - a potion of mutation {unknown}
Comestibles
 c - 10 rations
 F - 11 chunks of flesh


   Skills:
 * Level 7.1 Fighting
 * Level 10.5 Axes
 + Level 0.3 Bows
 + Level 5.5 Armour
 + Level 3.7 Dodging
 + Level 0.7 Stealth
 * Level 4.7 Invocations


You had 8 spell levels left.
You didn't know any spells.
Your spell library was empty.

Dungeon Overview and Level Annotations

Branches:
Dungeon (7/15)             Temple (0/1) D:4

Altars:
Trog
The Shining One

Annotations:
D:5 Menkaure


Innate Abilities, Weirdness & Mutations

You reflexively headbutt those who attack you in melee.
You have a pair of horns on your head.


Message History

Found a scroll of identify.
You slash the centaur!
The centaur is moderately wounded.
You block the centaur's attack. x2
You hit the centaur.
The centaur is heavily wounded.
You hit the bullfrog. The centaur closely misses you.
You block the bullfrog's attack.
The centaur wields a +0 shortbow of velocity.
The centaur shoots an arrow.
The arrow hits you.
The bullfrog hits you but does no damage.
The ogre hits you with a +0 giant spiked club!!
* * * LOW HITPOINT WARNING * * *
You see here 2 arrows.
The bullfrog closely misses you.
The ogre hits you with a +0 giant spiked club!
* * * LOW HITPOINT WARNING * * *
You see here an arrow.
The centaur shoots an arrow.
The arrow hits you.
You die...

?.............
............. ............
........... #..(.....
#.......#
#......O##################
#......F(@................
#......c#################.
.'......... #.
##.......### #. .........#
#. ##.####### #. #. #. #
#. #.


You could see an ogre, a bullfrog and a centaur.

Vanquished Creatures
  Pikel (D:5)
  Prince Ribbit (D:5)
  An ice beast (D:7)
  2 ogres
  A phantom (D:5)
  A necrophage (D:7)
  2 centaurs (D:5)
  2 bullfrogs (D:7)
  A gnoll sergeant (D:6)
  3 howler monkeys
  2 crimson imps (D:6)
  A centaur zombie (D:6)
  A jelly (D:6)
  4 orc priests
  Crazy Yiuf (D:3)
  A bullfrog skeleton (D:4)
  An iguana (D:6)
  6 orc wizards
  3 worker ants
  7 gnolls
  9 adders
  5 dart slugs
  4 leopard geckos
  13 orcs
  9 bats
  5 giant cockroaches
  6 goblins
  4 hobgoblins
  8 jackals
  4 quokkas
  4 ball pythons
  3 frilled lizards (D:4)
  A jackal skeleton (D:7)
  8 kobolds
  8 rats
133 creatures vanquished.

Notes
Turn   | Place    | Note
-------+----------+-------------------------------------------
     0 | Abyss:1  | eccles the Minotaur Abyssal Knight began the quest for the
                  | Orb.
     0 | Abyss:1  | Reached XP level 1. HP: 19/19 MP: 1/1
    57 | Abyss:1  | Noticed a small abomination
    59 | D:1      | Escaped the Abyss
   203 | D:1      | Reached XP level 2. HP: 27/27 MP: 2/2
   705 | D:1      | Reached * piety under Lugonu
   764 | D:1      | Reached XP level 3. HP: 31/34 MP: 3/3
   912 | D:2      | Found a glowing golden altar of the Shining One.
  1138 | D:2      | Reached skill level 3 in Axes
  1695 | D:2      | Reached XP level 4. HP: 41/41 MP: 4/4
  1899 | D:3      | Reached skill level 5 in Fighting
  2125 | D:3      | Found a runed translucent door.
  2127 | D:3      | Noticed Crazy Yiuf
  2138 | D:3      | Killed Crazy Yiuf
  2138 | D:3      | Reached skill level 4 in Axes
  2138 | D:3      | Reached XP level 5. HP: 22/48 MP: 5/5
  2466 | D:3      | Reached ** piety under Lugonu
  3546 | D:4      | Reached skill level 5 in Axes
  3546 | D:4      | Reached XP level 6. HP: 26/56 MP: 7/7
  4220 | D:4      | Found a bloodstained altar of Trog.
  4242 | D:4      | Found a staircase to the Ecumenical Temple.
  4439 | D:4      | Reached skill level 6 in Axes
  4439 | D:4      | Reached XP level 7. HP: 26/62 MP: 8/8
  4701 | D:5      | Entered Level 5 of the Dungeon
  4706 | D:5      | Noticed Prince Ribbit
  4876 | D:5      | Killed Prince Ribbit
  4876 | D:5      | Reached skill level 7 in Axes
  5083 | D:5      | Reached skill level 8 in Axes
  5148 | D:5      | Reached XP level 8. HP: 57/70 MP: 9/9
  5305 | D:5      | Noticed Menkaure
  5597 | D:5      | Noticed Pikel
  5616 | D:5      | Killed Pikel
  5616 | D:5      | Reached *** piety under Lugonu
  5616 | D:5      | Reached skill level 9 in Axes
  5819 | D:5      | You fall through a shaft for 2 floors!
  5883 | D:7      | Reached skill level 5 in Armour
  5904 | D:7      | Reached skill level 10 in Axes
  6078 | D:6      | Reached XP level 9. HP: 78/78 MP: 11/11
  6150 | D:6      | Got a spiked chain mail
  6719 | D:6      | HP: 2/79 [ogre/+0 giant spiked club (16)]
  6720 | D:6      | Shot with an arrow by a centaur

Skill      XL: |  1  2  3  4  5  6  7  8  9 |
---------------+----------------------------+-----
Fighting       | 4 5 6 7 |  7.1
Invocations    | 2 3 4 |  4.7
Axes           | 3 4 5 6 8 10 | 10.5
Dodging        | 2 3 |  3.7
Armour         | 3 4 5 |  5.5
Bows           | |  0.3
Stealth        | |  0.7

Action                   |  1- 3 |  4- 6 |  7- 9 || total
-------------------------+-------+-------+-------++-------
Melee: Hand axe          |    85 |   123 |   198 ||   406
       Headbutt          |     9 |    20 |    27 ||    56
       War axe           |       |    10 |    32 ||    42
 Fire: Shortbow          |       |       |     5 ||     5
Invok: Depart the Abyss  |     1 |       |       ||     1
       Bend Space        |       |       |     2 ||     2
Evoke: Wand              |       |       |     1 ||     1
  Use: Scroll            |       |     4 |     1 ||     5
  Eat: Chunk             |     2 |     9 |     1 ||    12
       Ration            |       |       |     2 ||     2
Armor: Leather armour    |    27 |    33 |       ||    60
       Ring mail         |       |    20 |    56 ||    76
       Scale mail        |       |       |    26 ||    26
Dodge: Dodged            |    61 |    87 |    99 ||   247
Block: Shield            |       |       |     3 ||     3
